 Dungeon Crawl Stone Soup version 0.27.1-35-g4d5d836560 (webtiles) character file.

Game seed: 3563689072527849515

2235 Delamore the Covert (level 9, -7/58 HPs)
             Began as an Octopode Brigand on Mar 1, 2022.
             Was an Initiate of Gozag.
             Mangled by a steam dragon (8 damage)
             ... on level 7 of the Dungeon.
             The game lasted 00:11:39 (9793 turns).

Delamore the Covert (Octopode Brigand)              Turns: 9793, Time: 00:11:40

Health: -7/58      AC:  1    Str: 10    XL:     9   Next: 36%
Magic:  9/9        EV: 14    Int: 14    God:    Gozag
Gold:   672        SH:  7    Dex: 16    Spells: 8/8 levels left

rFire    . . .     SeeInvis .   j - +2 dagger (venom)
rCold    . . .     Faith    .   r - +2 buckler
rNeg     . . .     Spirit   .   (helmet restricted)
rPois    .         Reflect  .   (no amulet)
rElec    .         Harm     .   (no ring)
rCorr    .         Rampage  .   (no ring)
Will     .....                  (no ring)
Stlth    +++++.....             (no ring)
HPRegen  0.19/turn              (no ring)
MPRegen  0.11/turn              (no ring)
                                (no ring)
                                (no ring)

@: gold aura
A: almost no armour, amphibious, 8 rings, camouflage 1, gelatinous body 1,
(nimble swimmer 1), tentacles
a: Renounce Religion, Potion Petition, Call Merchant, Bribe Branch


You were on level 7 of the Dungeon.
You worshipped Gozag.
Gozag was pleased with you.
You visited 2 branches of the dungeon, and saw 8 of its levels.

You collected 910 gold pieces.
You spent 202 gold pieces at shops.
You paid 36 gold pieces to Gozag.

Inventory:

Hand Weapons
 a - a +2 dagger
 j - a +2 dagger of venom (weapon)
Missiles
 b - 76 poisoned darts (quivered)
 c - 2 curare-tipped darts
 h - 2 javelins
 n - 4 throwing nets
Armour
 r - a +2 buckler (worn)
Wands
 x - a wand of charming (10)
Scrolls
 e - 3 scrolls of amnesia
 i - 2 scrolls of enchant weapon
 k - 3 scrolls of noise
 o - a scroll of immolation
 s - 2 scrolls of enchant armour
 t - a scroll of magic mapping
 u - a scroll of teleportation
 v - a scroll of vulnerability
Potions
 d - 2 potions of flight {unknown}
 f - a potion of lignification {unknown}
 g - 2 potions of heal wounds {unknown}
 l - a potion of mutation {unknown}
 m - a potion of curing {unknown}
 p - 2 potions of resistance
 q - a potion of attraction {unknown}
 w - a potion of magic {unknown}
 z - a potion of haste {unknown}


   Skills:
 - Level 4.0 Fighting
 + Level 8.6 Short Blades
 - Level 2.0 Throwing
 + Level 3.4 Dodging
 - Level 10.0 Stealth
 - Level 4.0 Shields


You had 8 spell levels left.
You didn't know any spells.
Your spell library contained the following spells:

 Spells                   Type           Power      Damage    Failure   Level
 Animate Skeleton         Necr           0%         N/A       28%         1
 Beastly Appendage        Tmut           0%         N/A       28%         1
 Pain                     Necr           0%         1d4       28%         1
 Wereblood                Tmut           0%         N/A       41%         2
 Spider Form              Tmut/Pois      0%         N/A       65%         3
 Vampiric Draining        Necr           0%         2d6       65%         3
 Agony                    Necr           0%         N/A       100%        5
 Excruciating Wounds      Necr           0%         N/A       100%        5


Dungeon Overview and Level Annotations

Branches:
Dungeon (7/15)             Temple (1/1) D:4

Altars:
Ashenzari
Cheibriados
Dithmenos
Fedhas
Gozag
Hepliaklqana
Makhleb
Nemelex Xobeh
Okawaru
Qazlal
Ru
Sif Muna
Trog
Uskayaw
Wu Jian
Xom
Yredelemnul
Zin
The Shining One

Shops:
D:2 [   D:5 *[   D:6 (


Innate Abilities, Weirdness & Mutations

You cannot wear most types of armour.
You are amphibious.
You can wear up to eight rings at the same time.
Your skin changes colour to match your surroundings (Stealth+).
Your rubbery body absorbs attacks. (AC +1, EV +1)
((You are camouflaged near water. (Stealth+)))
You have tentacles for arms and can constrict up to eight enemies at once.


Message History

No target in view!
A steam dragon comes into view.
A steam dragon is nearby!
A steam dragon is nearby!
You barely miss the steam dragon.
The steam dragon hisses angrily.
You squeeze the steam dragon.
The steam dragon is lightly wounded.
The steam dragon breathes steam at you. The ball of steam hits you!!
You hit the steam dragon but do no damage.
The steam dragon is lightly wounded.
You are engulfed in a cloud of scalding steam.
You are too injured to fight recklessly!
You are too injured to fight recklessly!
The steam dragon closely misses you. x2
Things that are here:
7 gold pieces; a +0 dagger; a +0 ring mail
There is a stone staircase leading up here.
You hit the steam dragon but do no damage.
The steam dragon is poisoned.
The steam dragon is lightly wounded.
You hit the steam dragon but do no damage.
The steam dragon looks as sick as possible!
You squeeze the steam dragon.
The steam dragon is moderately wounded.
The steam dragon breathes steam at you. The ball of steam hits you!
* * * LOW HITPOINT WARNING * * *
Okay, then.
Okay, then.
Aiming: Charm
Press: ? - help, Shift-Dir - straight line, f - steam dragon
Aim: a steam dragon (moderately wounded, extremely poisoned, catching its breath, chance to affect: 46%)
The steam dragon resists with some effort.
You are engulfed in a cloud of scalding steam.
* * * LOW HITPOINT WARNING * * *
The steam dragon bites you!
You die...
Your body crumbles into a pile of gold.

#### # #.. ##.##.#
#### ##.#.#.# ...#
##......###.# ##.#
#.#§#.#.....# .
#.# #.§§.$.# .#...
#.#
##§#$#D##......
#.# #####§##.@...#
##.#
#........#####
...# #.###.##.#
#### #.# #.##.# #
#.###.##.# ####
#........# ...#
#...##...#
.#.#####...#....#
$
..................


You could see a steam dragon (extremely poisoned, catching breath).

Vanquished Creatures
  2 water moccasins
  An orc warrior (D:7)
  An ice beast (D:7)
  2 black bears
  A necrophage (D:6)
  2 ogres
  A centaur (D:7)
  2 phantoms
  2 kobold brigands (D:5)
  2 scorpions
  2 water moccasin zombies (D:5)
  A howler monkey (D:5)
  A bullfrog zombie (D:5)
  3 hounds
  A jelly (D:4)
  2 orc priests
  2 iguanas (D:6)
  2 orc wizards (D:5)
  8 adders
  28 gnolls
  A howler monkey skeleton (D:4)
  2 worms (D:2)
  2 dart slugs
  22 orcs
  6 endoplasms
  2 giant cockroaches
  7 goblins
  8 hobgoblins
  15 jackals
  7 kobolds
  3 quokkas
  5 ball pythons
  4 bats
  A frilled lizard (D:2)
  5 rats
156 creatures vanquished.

Vanquished Creatures (others)
  6 plants (D:5)
6 creatures vanquished.

Grand Total: 162 creatures vanquished

Notes
Turn   | Place    | Note
-------+----------+-------------------------------------------
     0 | D:1      | Delamore the Octopode Brigand began the quest for the Orb.
     0 | D:1      | Reached XP level 1. HP: 14/14 MP: 1/1
   361 | D:1      | Reached XP level 2. HP: 19/19 MP: 2/2
   798 | D:2      | Reached skill level 6 in Stealth
   801 | D:2      | Found Decyl's Antique Armour Shoppe.
  1200 | D:2      | Reached XP level 3. HP: 24/24 MP: 3/3
  1349 | D:2      | Reached skill level 7 in Stealth
  1349 | D:2      | Reached XP level 4. HP: 10/29 MP: 4/4
  2090 | D:2      | Found a faded altar of an unknown god.
  2090 | D:2      | Noticed a sixfirhy
  2856 | D:3      | Reached XP level 5. HP: 34/34 MP: 5/5
  3120 | D:4      | Found a staircase to the Ecumenical Temple.
  3202 | Temple   | Entered the Ecumenical Temple
  3460 | D:4      | Reached skill level 8 in Stealth
  3483 | D:4      | Noticed a black bear
  3494 | D:4      | Killed a black bear
  3495 | D:4      | Reached XP level 6. HP: 38/39 MP: 6/6
  3578 | D:4      | Reached skill level 9 in Stealth
  3584 | D:4      | Found an opulent altar of Gozag.
  3693 | D:4      | Became a worshipper of Gozag Ym Sagoz the Greedy
  3796 | D:4      | Found a snail-covered altar of Cheibriados.
  4164 | D:5      | Entered Level 5 of the Dungeon
  4403 | D:5      | Found an iron altar of Okawaru.
  4669 | D:5      | Reached XP level 7. HP: 27/45 MP: 7/7
  4798 | D:5      | Reached skill level 10 in Stealth
  4820 | D:5      | Reached skill level 5 in Short Blades
  5159 | D:2      | Bought a runed buckler for 180 gold pieces
  5226 | D:5      | Found Ukinilim's General Store.
  5234 | D:5      | Bought a scroll of identify for 22 gold pieces
  5319 | D:5      | Reached skill level 1 in Shields
  5753 | D:5      | Reached XP level 8. HP: 38/50 MP: 8/8
  7853 | D:5      | Found a blossoming altar of Fedhas.
  7861 | D:5      | Found Ifil's Antique Armour Emporium.
  8475 | D:6      | Reached XP level 9. HP: 55/55 MP: 9/9
  8678 | D:6      | Found Ofoets's Weapon Emporium.
  9793 | D:7      | HP: 1/58 [steam dragon] (9)]
  9793 | D:7      | Mangled by a steam dragon

Illustrated notes

Levels and vault maps discovered:
D:1:      evilmike_arrival_plus, layout_loops_ring
D:2:      layout_basic, dreamdust_ecumenical_altar_sealed_demon, serial_shops,
          nicolae_shop_crystal
D:3:      layout_loops_ring
D:4:      layout_basic, marbit_many_paths, cheibriados_altar_1,
          minmay_temple_entry_crystal_x, kennysheep_generic_room_13
D:5:      lemuel_castle_with_subvaults [lemuel_castle_interior_original],
          layout_cave_pools, mainiacjoe_overflow_alcove_2, serial_park,
          serial_park_square3 [serial_park_minivault_5x5_1], serial_park_gazebo
          [serial_park_minivault_5x5_5], serial_park_tiny_2, serial_shops, shop,
          nicolae_diamond_shop, chequers_serial_rivers_small_b
D:6:      layout_cave_pods, nicolae_stop_n_shop_1
D:7:      layout_loops_corners
Temple:   regret_index_temple_waves

Skill      XL: |  1  2  3  4  5  6  7  8  9 |
---------------+----------------------------+-----
Stealth        | 6 7 8 9 10 | 10.0
Short Blades   | 3 4 6 8 |  8.6
Shields        | 1 4 |  4.0
Dodging        | 2 3 |  3.4
Fighting       | 4 |  4.0
Throwing       | |  2.0

Action                   |  1- 3 |  4- 6 |  7- 9 || total
-------------------------+-------+-------+-------++-------
Melee: Dagger            |    48 |    98 |   263 ||   409
       Constrict         |    12 |    23 |    55 ||    90
       Tentacles         |     5 |    16 |    56 ||    77
Throw: Dart              |     1 |    17 |    11 ||    29
       Javelin           |       |       |     2 ||     2
Evoke: Wand              |       |       |     1 ||     1
  Use: Scroll            |       |     4 |     5 ||     9
 Stab: Sleeping          |     9 |    17 |    12 ||    38
       Distracted        |       |       |     5 ||     5
Armor: Skin              |     3 |     9 |     8 ||    20
Dodge: Dodged            |    29 |    42 |    68 ||   139
Block: Buckler           |       |       |    57 ||    57
